 Dungeon Crawl Stone Soup version 0.30.1-4-g462c640d31 (webtiles) character file.

Game seed: 7994619895341246167

11 hawla the Firebug (level 2, 0/20 HPs)
             Began as a Meteoran Fire Elementalist on Aug 19, 2023.
             Killed from afar by an orc wizard (11 damage)
             ... with a puff of flame
             ... on level 4 of the Dungeon on Aug 20, 2023.
             The game lasted 00:01:33 (193 turns).

hawla the Firebug (Meteoran Fire Elementalist)       Turns: 193, Time: 00:01:34

Health: 0/20       AC:  2    Str:  9    XL:     2   Next: 58%
Magic:  2/6        EV: 12    Int: 16    God:
Gold:   33         SH:  0    Dex: 14    Spells: 5/6 levels left

rFire   . . .        d - staff of cold
rCold   + . .        (no shield)
rNeg    . . .        a - +0 robe
rPois   .            (no helmet)
rElec   .            (no cloak)
rCorr   .            (no gloves)
SInv    .            (no boots)
Will    .....        (no amulet)
Stlth   +            (no ring)
HPRegen 0.23/turn    (no ring)
MPRegen 0.10/turn

%: no passive effects
@: glowing
A: sense surroundings 1, otherworldly, glowing, explore regen
a: no special abilities


You were on level 4 of the Dungeon.
You visited 1 branch of the dungeon, and saw 4 of its levels.

You collected 33 gold pieces.

Inventory:

Armour
 a - a +0 robe (worn)
Magical Staves
 d - a staff of cold (weapon)
Jewellery
 e - a +4 ring of protection
Scrolls
 c - a scroll of blinking {unknown}
 f - a scroll of fear {unknown}
Potions
 b - a potion of magic
 g - a potion of attraction {unknown}
 h - a potion of lignification {unknown}


   Skills:
 - Level 2.4 Dodging
 - Level 1.4 Stealth
 - Level 2.6 Spellcasting
 - Level 1.2 Conjurations
 - Level 3.7 Fire Magic
 + Level 1.2 Ice Magic
 + Level 1.4 Evocations


You had 5 spell levels left.
You knew the following spells:

 Your Spells              Type           Power      Damage    Failure   Level
a - Foxfire               Conj/Fire      40%        2x1d6     7%          1

Your spell library contained the following spells:

 Spells                   Type           Power      Damage    Failure   Level
 Scorch                   Fire           26%        2d6       6%          2
 Inner Flame              Hex/Fire       8%         N/A       26%         3
 Volatile Blastmotes      Fire/Tloc      16%        2d11      26%         3
 Flame Wave               Conj/Fire      10%        2d6       56%         4


Dungeon Overview and Level Annotations

Branches:
Dungeon (4/15) Zot: 2206
 Temple: D:4-7

Altars:
Zin


Innate Abilities, Weirdness & Mutations

You passively map a small area around you.
You are easily found by Zot.
You glow in the dark.
You regain HP and MP as you explore.


Message History

The orc wizard flickers and vanishes!
Deactivating autopickup; reactivate with Ctrl-A.
The orc hits you with a +0 short sword.
* * * LOW HITPOINT WARNING * * *
The orc attacks as you move away! The orc hits you with a +0 hand axe.
* * * LOW HITPOINT WARNING * * *
Casting: Foxfire (safe; 7% risk of failure)
Confirm with . or Enter, or press ? or * to list all spells.
You conjure some foxfire!
The orc barely misses you. The orc barely misses your foxfire.
The orc misses your foxfire.
The foxfire hits the orc.
The orc is lightly wounded.
The foxfire hits the orc.
You kill the orc!
Casting: Foxfire (safe; 7% risk of failure)
Confirm with . or Enter, or press ? or * to list all spells.
You conjure some foxfire!
The foxfire hits something. x2
Casting: Foxfire (safe; 7% risk of failure)
Confirm with . or Enter, or press ? or * to list all spells.
You conjure some foxfire!
The foxfire hits something.
The foxfire hits something but does no damage.
Casting: Foxfire (safe; 7% risk of failure)
Confirm with . or Enter, or press ? or * to list all spells.
You conjure some foxfire!
The foxfire hits something.
The foxfire hits something.
Found a robe and 10 gold pieces.
You hear some strange, mumbled words.
Something tries to affect you, but you resist.
Found an escape hatch in the floor.
Found a scroll labelled XOGASS SICAANU.
A hound comes into view.
The hound bites you.
A hound comes into view.
The hound completely misses you.
A puff of flame appears from out of thin air!
The puff of flame hits you!
Ouch! That really hurt!
You die...

, , +#...##.# , , *
*,##....... , ,
*##.......##* *
#.........## ,
.#..........#
............# * * *
......$.....#
.......@h..># .# ,
............# *.. * # *
....?......[# #. ##.
............## #. #.. ,
, ,, h.....####...# #.##
#.#
..#.#........###..####.#
** .
#.#######..{o##...##.# *
* # ##.#o....).... ,, ,
#........###.###


You could see 2 hounds and 2 orcs.

Vanquished Creatures
  An ufetubus (D:4)
  An orc (D:4)
  2 hobgoblins
  A ball python (D:1)
  A rat (D:2)
6 creatures vanquished.

Vanquished Creatures (others)
  21 foxfires
21 creatures vanquished.

Grand Total: 27 creatures vanquished

Notes
Turn   | Place    | Note
-------+----------+-------------------------------------------
     0 | D:1      | hawla the Meteoran Fire Elementalist began the quest for
                  | the Orb.
     0 | D:1      | Reached XP level 1. HP: 14/14 MP: 5/5
   152 | D:4      | Found a glowing silver altar of Zin.
   169 | D:4      | Noticed an orc wizard
   173 | D:4      | Reached skill level 1 in Ice Magic
   173 | D:4      | Reached skill level 1 in Evocations
   173 | D:4      | Reached XP level 2. HP: 10/20 MP: 4/6
   190 | D:4      | Noticed a hound
   193 | D:4      | Noticed a hound
   193 | D:4      | Killed from afar by an orc wizard

Illustrated notes

Levels and vault maps discovered:
D:1:      moated_graveyard_arrival, layout_basic, palyth_stone_intersect
D:2:      layout_loops_cross, minmay_misc_feat_rows
D:3:      layout_loops_ring, dreamdust_ecumenical_altar_grove
D:4:      layout_rooms, tso_metal_star, overflow_temple_1_default,
          minmay_temple_entry_stoned_glass, kennysheep_generic_room_16,
          uniq_duvessa, uniq_pikel

Skill      XL: |  1 |
---------------+----+-----
Ice Magic      | 1 |  1.2
Evocations     | 1 |  1.4
Dodging        | |  2.4
Stealth        | |  1.4
Spellcasting   | |  2.6
Conjurations   | |  1.2
Fire Magic     | |  3.7

Action                     || total
---------------------------++-------
  Melee: Staff             ||     5
         Unarmed           ||     1
   Cast: Foxfire           ||    12
  Dodge: Dodged            ||     5
